 Dungeon Crawl Stone Soup version 0.29-a0-723-gce39da1c22 (webtiles) character file.

Game seed: 14640926099217720997

14798 DuloT34 the Fighter (level 11, 0/104 HPs)
             Began as a Demigod Ice Elementalist on June 28, 2022.
             Slain by a caustic shrike zombie (11 damage)
             ... on level 2 of the Abyss.
             The game lasted 00:42:03 (17091 turns).

DuloT34 the Fighter (Demigod Ice Elementalist)     Turns: 17091, Time: 00:42:04

Health: 0/104      AC:  9    Str: 16    XL:     11   Next: 62%
Magic:  25/25      EV: 14    Int: 25    God:
Gold:   558        SH:  6    Dex: 14    Spells: 13/24 levels left

rFire   + . .      SeeInvis .   A - +8 trident of the Octopus King {venom, rElec rPois}
rCold   + + .      Faith    .   K - +3 warlock's mirror {reflect}
rNeg    . . .      Spirit   .   E - +0 leather armour
rPois   +          Reflect  +   J - +0 helmet
rElec   +          Harm     .   (no cloak)
rCorr   .          Rampage  .   I - +0 pair of gloves of the Wilderness {rC+ Str+3}
Will    +....                   G - +0 pair of boots
Stlth   ++........              (no amulet)
HPRegen 0.27/turn               x - ring of protection from fire
MPRegen 0.19/turn               F - ring of protection from cold

@: no status effects
A: high MP 1, forlorn, divine attributes, iridescent scales 1
a: no special abilities


You were on level 2 of the Abyss.
You visited 1 branch of the dungeon, and saw 11 of its levels.
You visited the Abyss 2 times.
You also visited: Bailey.

You collected 739 gold pieces.
You spent 181 gold pieces at shops.

Inventory:

Hand Weapons
 A - the +8 trident of the Octopus King (weapon) {venom, rElec rPois}
   (You found it on level 7 of the Dungeon)

   It poisons the flesh of those it strikes.
   rElec:     It insulates you from electricity.
   rPois:     It protects you from poison.
Armour
 a - a +0 robe
 j - a +2 pair of gloves
 E - a +0 leather armour (worn)
 G - a +0 pair of boots (worn)
 H - a +2 kite shield
 I - the +0 pair of gloves of the Wilderness (worn) {rC+ Str+3}
   (You found it on level 10 of the Dungeon)

   Str:       It affects your strength (+3).
   rC:        It protects you from cold.
 J - a +0 helmet (worn)
 K - the +3 warlock's mirror (worn) {reflect}
   (You found it on level 11 of the Dungeon)

   It can block and reflect piercing ranged attacks and magical attacks against
   the wielder's willpower.
Jewellery
 x - a ring of protection from fire (left hand)
 F - a ring of protection from cold (right hand)
Wands
 p - a wand of polymorph (13)
 D - a wand of flame (18)
Scrolls
 c - 6 scrolls of enchant weapon
 e - 3 scrolls of magic mapping
 f - 7 scrolls of enchant armour
 l - 3 scrolls of fog
 t - a scroll of immolation {unknown}
 v - 2 scrolls of fear {unknown}
 y - a scroll of amnesia {unknown}
 B - a scroll of summoning
Potions
 b - 6 potions of magic
 d - 2 potions of curing
 g - 3 potions of might {unknown}
 i - 2 potions of invisibility {unknown}
 k - 3 potions of lignification {unknown}
 q - 3 potions of mutation
 r - 5 potions of haste {unknown}
 w - 4 potions of resistance
 C - 3 potions of degeneration {unknown}


   Skills:
 + Level 12.0 Fighting
 + Level 4.2 Polearms
 + Level 4.7 Armour
 - Level 6.7 Dodging
 - Level 1.7 Stealth
 - Level 7.0 Spellcasting
 - Level 7.0 Ice Magic


You had 13 spell levels left.
You knew the following spells:

 Your Spells              Type           Power      Damage    Failure   Level
a - Freeze                Ice            100%       1d11      1%          1
b - Frozen Ramparts       Ice            86%        1d10      1%          3
c - Ozocubu's Armour      Ice            43%        N/A       1%          3
d - Hailstorm             Conj/Ice       26%        3d7       26%         4

Your spell library contained the following spells:

 Spells                   Type           Power      Damage    Failure   Level
 Necrotize                Necr           32%        1d5       11%         1
 Slow                     Hex            32%        N/A       11%         1
 Confusing Touch          Hex            8%         N/A       32%         3
 Vampiric Draining        Necr           8%         2d6       32%         3
 Agony                    Necr           8%         N/A       97%         5


Dungeon Overview and Level Annotations

Branches:
Dungeon (11/15)            Temple (0/1) D:6          Bailey (visited)
   Lair: D:8-11         Orc: D:9-12

Shops:
D:4 !?

Annotations:
D:6 3 runed translucent doors, Subbak's ghost, novice DsAK


Innate Abilities, Weirdness & Mutations

You have an increased reservoir of magic. (+10% MP)
You shall have no god before yourself.
Your divine heritage dramatically boosts your attributes as you level up.
You are partially covered in iridescent scales. (AC +2)


Message History

You hit the caustic shrike zombie.
The caustic shrike zombie is lightly damaged.
You block the caustic shrike zombie's attack.
The caustic shrike zombie closely misses you.
You hit the caustic shrike zombie.
The caustic shrike zombie is lightly damaged.
The caustic shrike zombie barely misses you.
You block the caustic shrike zombie's attack.
You hit the caustic shrike zombie.
The caustic shrike zombie is lightly damaged.
You block the caustic shrike zombie's attack.
The caustic shrike zombie closely misses you.
You puncture the caustic shrike zombie!
The caustic shrike zombie is lightly damaged.
You block the caustic shrike zombie's attack.
The caustic shrike zombie closely misses you.
You puncture the caustic shrike zombie!
The caustic shrike zombie is moderately damaged.
The caustic shrike zombie claws you!
The caustic shrike zombie claws you but does no damage.
You puncture the caustic shrike zombie!
The caustic shrike zombie is moderately damaged.
The caustic shrike zombie claws you!
The caustic shrike zombie completely misses you.
You hit the caustic shrike zombie.
The caustic shrike zombie is moderately damaged.
The caustic shrike zombie claws you.
The caustic shrike zombie closely misses you.
You hit the caustic shrike zombie.
The caustic shrike zombie is moderately damaged.
You block the caustic shrike zombie's attack.
The caustic shrike zombie claws you!!
* * * LOW HITPOINT WARNING * * *
You block the caustic shrike zombie's attack.
You puncture the caustic shrike zombie!
The caustic shrike zombie is moderately damaged.
The caustic shrike zombie claws you.
* * * LOW HITPOINT WARNING * * *
The caustic shrike zombie claws you!
You die...

## ## .#.#####
...#... #....#
. #...# . #@..#
#. ##Z..# .
#...###.
###...# #
#....###.## #
....#.#......##
.# ..##..##.#.
#..# # .. .
#..# .# ##..#
.# #.# ..## #..
.. ...#..


You could see a caustic shrike zombie.

Vanquished Creatures
  Erolcha (D:10)
  2 hydras
  2 two-headed ogres (D:9)
  5 wizards (D:11)
  Pikel (D:7)
  An ugly thing (D:11)
  Joseph (D:7)
  A kobold demonologist (D:11)
  2 trolls
  A hornet (D:8)
  A raiju (Abyss:2)
  A slime creature (D:9)
  2 wyverns
  5 yaks
  A basilisk (D:9)
  A steam dragon (D:8)
  2 vampire mosquitoes (D:9)
  A neqoxec (Abyss:2)
  Menkaure (D:7)
  A water moccasin (D:8)
  4 hell hounds (Abyss:2)
  An ice beast (D:7)
  10 orc warriors
  2 black bears
  8 centaurs
  A phantom (D:5)
  A lemure (D:7)
  A kobold brigand (D:9)
  Blork the orc (D:4)
  8 bullfrogs
  A necrophage (D:6)
  A scorpion (D:5)
  8 wights
  8 killer bees
  2 howler monkeys
  A crimson imp (D:8)
  A jelly (D:5)
  6 orc priests
  Crazy Yiuf (D:7)
  5 hounds
  3 iguanas (D:5)
  9 orc wizards
  3 gnolls (D:5)
  6 adders
  2 white imps
  3 worms
  4 dart slugs
  46 orcs
  9 ball pythons
  12 bats
  5 endoplasms
  2 giant cockroaches (D:1)
  4 goblins
  7 hobgoblins
  4 jackals (D:3)
  12 kobolds
  7 quokkas
  2 frilled lizards
  4 rats
248 creatures vanquished.

Vanquished Creatures (collateral kills)
  An orc knight (Bailey)
1 creature vanquished.

Vanquished Creatures (others)
  3 plants (D:1)
3 creatures vanquished.

Grand Total: 252 creatures vanquished

Notes
Turn   | Place    | Note
-------+----------+-------------------------------------------
     0 | D:1      | DuloT34 the Demigod Ice Elementalist began the quest for
                  | the Orb.
     0 | D:1      | Reached XP level 1. HP: 14/14 MP: 5/5
   416 | D:1      | Reached XP level 2. HP: 16/20 MP: 6/8
  1689 | D:2      | Reached XP level 3. HP: 26/26 MP: 7/10
  1699 | D:2      | Learned a level 3 spell: Frozen Ramparts
  1703 | D:2      | Learned a level 3 spell: Ozocubu's Armour
  2553 | D:3      | Reached XP level 4. HP: 19/33 MP: 2/12
  3009 | D:3      | Reached skill level 1 in Fighting
  3416 | D:3      | Reached XP level 5. HP: 38/40 MP: 7/14
  3428 | D:3      | Learned a level 4 spell: Hailstorm
  3710 | D:4      | Found Qoileagh's Magic Scroll Shoppe.
  3756 | D:4      | Bought a scroll of blinking for 90 gold pieces
  3756 | D:4      | Bought a scroll of teleportation for 36 gold pieces
  3805 | D:4      | Noticed Blork the orc
  3814 | D:4      | Killed Blork the orc
  4139 | D:4      | Reached skill level 2 in Fighting
  4263 | D:4      | Noticed a black bear
  4275 | D:4      | Killed a black bear
  4276 | D:4      | Reached XP level 6. HP: 42/50 MP: 0/15
  4380 | D:4      | Found Hocad's Distillery.
  4388 | D:4      | Bought a potion of heal wounds for 55 gold pieces
  5053 | D:5      | Entered Level 5 of the Dungeon
  5364 | D:5      | Reached skill level 3 in Fighting
  5366 | D:5      | Reached skill level 5 in Ice Magic
  5366 | D:5      | Reached XP level 7. HP: 39/57 MP: 3/16
  6678 | D:6      | Reached skill level 4 in Fighting
  6996 | D:6      | Found a runed translucent gate.
  6996 | D:6      | Found a runed translucent gate.
  6997 | D:6      | Found a runed translucent gate.
  6998 | D:6      | Noticed Subbak's ghost (novice DsAK)
  7147 | D:6      | Reached skill level 5 in Dodging
  7147 | D:6      | Reached XP level 8. HP: 55/66 MP: 18/18
  7306 | D:6      | Reached skill level 5 in Spellcasting
  7390 | D:6      | Found a staircase to the Ecumenical Temple.
  7397 | D:6      | Identified the +4 trident of Xuysoth {freeze, Str+4 Stlth+}
  7880 | D:7      | Noticed Joseph
  8275 | D:7      | Killed Joseph
  8276 | D:7      | Reached skill level 5 in Fighting
  8653 | D:7      | Found the +8 trident of the Octopus King {venom, rElec
                  | rPois}
  8715 | D:7      | Found a runed translucent door.
  8716 | D:7      | Noticed Crazy Yiuf
  8756 | D:7      | Noticed Pikel
  8764 | D:7      | Killed Pikel
  8765 | D:7      | Reached skill level 1 in Polearms
  8765 | D:7      | Reached XP level 9. HP: 75/75 MP: 13/21
  8926 | D:7      | Reached skill level 6 in Fighting
  9299 | D:7      | Noticed Menkaure
  9308 | D:7      | Killed Menkaure
  9526 | D:7      | Killed Crazy Yiuf
 10052 | D:8      | Reached skill level 1 in Armour
 10485 | D:8      | Paralysed by a hornet for 2 turns
 11506 | D:9      | Found a flagged portal.
 11517 | Bailey   | Entered a bailey
 11660 | Bailey   | Reached skill level 7 in Fighting
 12080 | Bailey   | Reached XP level 10. HP: 23/86 MP: 5/23
 12265 | Bailey   | Noticed an orc knight
 12366 | Bailey   | Killed an orc knight
 13017 | D:9      | Noticed a two-headed ogre
 13018 | D:9      | Noticed a two-headed ogre
 13029 | D:9      | Killed a two-headed ogre
 13029 | D:9      | Noticed a four-headed hydra
 13030 | D:9      | Killed a two-headed ogre
 13035 | D:9      | Reached skill level 8 in Fighting
 13045 | D:9      | Killed a four-headed hydra
 13105 | D:9      | Identified the ring of Cojump {rCorr MP+9 Str-4 Slay+3}
 13336 | D:9      | Reached skill level 9 in Fighting
 14036 | D:10     | Entered Level 10 of the Dungeon
 14036 | D:10     | Noticed Erolcha
 14059 | D:10     | Killed Erolcha
 14060 | D:10     | Reached XP level 11. HP: 35/97 MP: 10/25
 14924 | D:10     | Identified the +0 pair of gloves of the Wilderness {rC+
                  | Str+3}
 15636 | D:11     | Noticed an eight-headed hydra
 15642 | D:11     | Killed an eight-headed hydra
 15643 | D:11     | Reached skill level 10 in Fighting
 15936 | D:11     | Noticed a wizard
 15942 | D:11     | Killed a wizard
 16127 | D:11     | Noticed a wizard
 16129 | Abyss:2  | Cast into level 2 of the Abyss (a wizard)
 16159 | D:11     | Escaped the Abyss
 16163 | D:11     | Noticed a wizard
 16170 | D:11     | Killed a wizard
 16171 | D:11     | Reached skill level 11 in Fighting
 16171 | D:11     | Killed a wizard
 16362 | D:11     | Found the +3 warlock's mirror {reflect}
 16364 | D:11     | Noticed a wizard
 16380 | D:11     | Killed a wizard
 16502 | D:11     | Noticed a wizard
 16506 | D:11     | Killed a wizard
 16507 | D:11     | Reached skill level 12 in Fighting
 16537 | D:11     | Noticed a wizard
 16538 | Abyss:2  | Cast into level 2 of the Abyss (a wizard)
 16540 | Abyss:2  | Noticed a thrashing horror
 16540 | Abyss:2  | Noticed a thrashing horror
 16562 | Abyss:2  | Gained mutation: You are partially covered in iridescent
                  | scales. (AC +2) [potion of mutation]
 16562 | Abyss:2  | Gained mutation: You are clumsy. (Dex -2) [potion of
                  | mutation]
 16562 | Abyss:2  | Lost mutation: You are clumsy. (Dex -2) [potion of
                  | mutation]
 16880 | Abyss:2  | Noticed a starcursed mass
 16929 | Abyss:2  | Noticed a thrashing horror
 17026 | Abyss:2  | Noticed a large abomination
 17091 | Abyss:2  | Slain by a caustic shrike zombie

Illustrated notes

Levels and vault maps discovered:
D:1:      dpeg_arrival_lava_altar, layout_loops_corners,
          shapermc_ecumenical_altar_mp_ritualfount, serial_glass,
          glass_columns_c, glass_columns_a, glass_columns_a, glass_columns_b,
          glass_columns_a, glass_columns_c, glass_columns_a, glass_columns_b,
          amcnicky_mini_pool_small, minivault_24, serial_bayou_crossing
D:2:      layout_rooms, minivault_11
D:3:      layout_rooms, kennysheep_nub
D:4:      layout_basic, serial_shops, shop, nicolae_shop_stone,
          nicolae_figureground_sparkle, uniq_blork_the_orc
D:5:      layout_basic, kennysheep_another_room, minmay_misc_feat_cross,
          grunt_decor_junction, kennysheep_cross_bottleneck,
          minmay_misc_feat_nine_boxes, dk_vineyard_1, minmay_curled_crystal
D:6:      layout_loops_ring, mainiacjoe_overflow_alcove_4,
          minmay_temple_entry_statues_pillars, gammafunk_ghost_nasty_kobolds,
          serial_rivers, chequers_serial_rivers_room_b,
          chequers_serial_rivers_marsh, chequers_serial_rivers_room_b,
          chequers_serial_rivers_small_b, grunt_ministairs_14
D:7:      layout_loops_ring, nicolae_qazlal_style_of_elements, grunt_tough_drop,
          uniq_menkaure, uniq_pikel, uniq_crazy_yiuf_cottage, uniq_joseph
D:8:      layout_basic, tso_oasis_becter,
          grunt_temple_overflow_champion_of_chaos, minmay_liquid_box,
          serial_park_tiny_1, minmay_misc_feat_tiny
D:9:      layout_irregular_city, enter_bailey_2, minmay_pinched_square
D:10:     layout_loops_ring, mainiacjoe_overflow_six_doors_small, uniq_erolcha
D:11:     minmay_smoke_and_mirrors, layout_irregular_city, dpeg_lair_monsters,
          minmay_orc_entry_temple_small,
          ploomutoo_gammafunk_ghost_potion_laboratory, serial_shops, shop,
          uniq_snorg
Abyss:2:  base: Temple, base: D:11, base: D:8, base: D:8,
          hangedman_summoners_spam

Skill      XL: |  1  2  3  4  5  6  7  8  9 10 11 |
---------------+----------------------------------+-----
Spellcasting   | 2 3 4 6 7 |  7.0
Dodging        | 2 3 5 6 |  6.7
Fighting       | 1 2 3 4 5 7 9 12 | 12.0
Ice Magic      | 4 5 6 7 |  7.0
Polearms       | 1 4 |  4.2
Armour         | 2 4 |  4.7
Stealth        | |  1.7

Action                   |  1- 3 |  4- 6 |  7- 9 | 10-12 || total
-------------------------+-------+-------+-------+-------++-------
Melee: Unarmed           |    42 |     6 |       |       ||    48
       Punch             |     1 |       |     4 |     1 ||     6
       Rapier            |       |    32 |       |       ||    32
       Short sword       |       |     9 |    90 |       ||    99
       Trident           |       |       |    98 |   171 ||   269
 Cast: Freeze            |    58 |    30 |    13 |    21 ||   122
       Frozen Ramparts   |     4 |    25 |    45 |    28 ||   102
       Ozocubu's Armour  |     4 |    15 |    34 |    22 ||    75
       Hailstorm         |       |       |     6 |     6 ||    12
Evoke: Wand              |       |       |       |     6 ||     6
  Use: Scroll            |       |     3 |     4 |     8 ||    15
       Potion            |       |       |     3 |    17 ||    20
 Stab: Sleeping          |     3 |     1 |     3 |       ||     7
       Distracted        |       |       |     1 |       ||     1
Armor: Robe              |    35 |    62 |    49 |       ||   146
       Leather armour    |       |       |    16 |    76 ||    92
Dodge: Dodged            |    77 |    85 |   147 |   138 ||   447
Block: Buckler           |       |       |       |    24 ||    24

Table legend: (Time is in decaauts)
 A = Elapsed time spent in this place.
 B = Non-inter-level travel time spent in this place.
 C = Inter-level travel time spent in this place.
 D = Time resting spent in this place.
 E = Time spent auto-exploring this place.
 F = Levels seen in this place.
 G = Mean time per level.
                   A        B        C        D        E       F      G
               +--------+--------+--------+--------+--------+-----+--------+
         Total |  17166 |  16688 |    478 |   4867 |   9560 |  14 | 1226.1 |
       Dungeon |  15397 |  14919 |    478 |   3761 |   9383 |  11 | 1399.7 |
         Abyss |    592 |    592 |      0 |    220 |     25 |   2 |  296.0 |
        Bailey |   1176 |   1176 |      0 |    886 |    152 |   1 | 1176.0 |
               +--------+--------+--------+--------+--------+-----+--------+

Top non-repeatable levels by time:
     D:1: 1690 daAuts
     D:5: 1622 daAuts
     D:9: 1610 daAuts
    D:10: 1601 daAuts
     D:6: 1565 daAuts
     D:8: 1565 daAuts
     D:7: 1493 daAuts
     D:4: 1350 daAuts
  Bailey: 1176 daAuts
     D:2: 1051 daAuts
     D:3: 971 daAuts
    D:11: 876 daAuts
 Abyss:2: 592 daAuts
